 Dungeon Crawl Stone Soup version 0.19.5 (webtiles) character file.

165 miragecloak the Changer (level 5, 0/33 HPs)
             Began as an Octopode Transmuter on Apr 26, 2017.
             Slain by a water moccasin skeleton (3 damage)
             ... on level 4 of the Dungeon.
             The game lasted 00:03:58 (2647 turns).

miragecloak the Changer (Octopode Transmuter)       Turns: 2647, Time: 00:03:58

Health: 0/33       AC:  2    Str: 10    XL:     5   Next: 46%
Magic:  4/8        EV: 20    Int: 15    God:
Gold:   142        SH:  0    Dex: 18    Spells: 2 memorised, 4 levels left

rFire  . . .     SeeInvis .       - Unarmed
rCold  + . .     Gourm    .     (shield currently unavailable)
rNeg   . . .     Faith    .     (helmet currently unavailable)
rPois  x         Spirit   .     n - amulet of magic regeneration
rElec  .         Reflect  .     e - ring of protection from cold
rCorr  .         Harm     .     (no ring)
MR     .....                    (no ring)
Stlth  ++........               (no ring)
                                (no ring)
                                (no ring)
                                (no ring)
                                (no ring)

@: lethally poisoned (0 -> -13), spider-form, very slightly contaminated
A: almost no armour, stealthy swim, (amphibious), 8 rings, (constrict 8),
(camouflage 0), (gelatinous body 0)
a: End Transformation


You were on level 4 of the Dungeon.
You were hungry.
You were a venomous arachnid creature.
You visited 1 branch of the dungeon, and saw 4 of its levels.

You collected 142 gold pieces.

Inventory:

Missiles
 a - 12 arrows
Rods
 f - a +1 rod of inaccuracy (9/9)
   (You found it on level 3 of the Dungeon)
Jewellery
 e - a ring of protection from cold (left front leg)
 n - an amulet of magic regeneration (around neck)
Scrolls
 d - a scroll of magic mapping {unknown}
 h - a scroll of noise {unknown}
 j - 2 scrolls of identify {unknown}
 k - a scroll of teleportation {unknown}
 l - 2 scrolls of remove curse {unknown}
 o - a scroll of amnesia {unknown}
 r - a scroll of blinking {unknown}
 s - a scroll of random uselessness {unknown}
Potions
 i - a potion of flight {unknown}
 m - 2 potions of degeneration {unknown}
 p - a potion of agility {unknown}
Books
 b - a book of Changes

   Spells                             Type                      Level
   a - Beastly Appendage              Transmutation                1
   b - Sticks to Snakes               Transmutation                2
   c - Spider Form                    Transmutation/Poison         3
   d - Ice Form                       Ice/Transmutation            4
   e - Blade Hands                    Transmutation                5
 u - a book of Cantrips

   Spells                             Type                      Level
   a - Confusing Touch                Hexes                        1
   b - Animate Skeleton               Necromancy                   1
   c - Summon Small Mammal            Summoning                    1
   d - Apportation                    Translocation                1
Comestibles
 c - 3 bread rations
 g - a beef jerky
 t - 2 fruits
 v - 3 chunks of flesh


   Skills:
 - Level 1.0 Fighting
 - Level 2.0 Dodging
 + Level 3.6 Unarmed Combat
 - Level 2.0 Spellcasting
 - Level 4.1 Transmutations
 - Level 3.1 Poison Magic


You had 4 spell levels left.
You knew the following spells:

 Your Spells              Type           Power        Failure   Level  Hunger
a - Beastly Appendage     Tmut           ##....       14%         1    #......
b - Spider Form           Tmut/Pois      ##........   36%         3    ###....


Dungeon Overview and Level Annotations

Branches:
Dungeon (4/15)
 Temple: D:4-7

Altars:
Ashenzari

Annotations:
D:3 miragecloak's ghost, amateur OpTm


Innate Abilities, Weirdness & Mutations

You cannot wear most types of armour.
You are very stealthy in the water. (Stealth+)
((You are amphibious.))
You can wear up to eight rings at the same time.
((You can use your tentacles to constrict eight enemies at once.))
((Your skin changes colour to match your surroundings (Stealth+).))
((Your rubbery body absorbs attacks. (AC +1, EV +1)))


Message History

The adder is moderately wounded.
The water moccasin skeleton closely misses you.
The adder misses you.
The water moccasin skeleton closely misses you.
The adder barely misses you.
You hit the adder.
The adder is poisoned.
The adder is heavily wounded.
You feel sick. The adder bites you.
You are lethally poisoned!
The adder poisons you! The water moccasin skeleton misses you.
You hit the adder.
You kill the adder!
You feel sick. The water moccasin skeleton bites you!
* * * LOW HITPOINT WARNING * * *
You hit the orc.
The orc is poisoned.
The orc is heavily wounded.
* * * LOW HITPOINT WARNING * * *
You feel sick. The orc closely misses you.
The water moccasin skeleton bites you.
You die...

#.# #.#
....##.# #.
#...##.#
........ #...
#.# ._...+..
#..# #.#
....#. #..#
#Z#
...#.###..#
#s#
...#.....###o#
#.⌠#.....o...#
#.##.###{#####
#....# #.#
#..### #.#
#.## #.#
So....# #.#
....### #<#


You could see an orc and a water moccasin skeleton.

Vanquished Creatures
  Natasha (thrice) (D:3)
  3 adders
  An adder skeleton (D:3)
  A dart slug (D:2)
  2 leopard geckos (D:2)
  2 orcs
  5 bats
  4 giant cockroaches
  3 hobgoblins
  4 jackals (D:3)
  2 quokkas (D:2)
  4 frilled lizards
  9 goblins
  5 kobolds
  6 rats
54 creatures vanquished.

Notes
Turn   | Place    | Note
-------+----------+-------------------------------------------
     0 | D:1      | miragecloak the Octopode Transmuter began the quest for the Orb.
     0 | D:1      | Reached XP level 1. HP: 13/13 MP: 3/3
   272 | D:1      | Reached XP level 2. HP: 18/18 MP: 3/5
   698 | D:2      | Reached skill level 3 in Transmutations
   721 | D:2      | Reached XP level 3. HP: 6/23 MP: 4/6
   738 | D:2      | Learned a level 3 spell: Spider Form
  1208 | D:2      | Reached skill level 1 in Poison Magic
  1590 | D:3      | Noticed Natasha
  1596 | D:3      | HP: 1/23 [Natasha (8)]
  1597 | D:3      | Killed Natasha
  1597 | D:3      | Reached XP level 4. HP: 1/28 MP: 3/7
  1619 | D:3      | Noticed Natasha
  1625 | D:3      | Noticed miragecloak's ghost (amateur OpTm)
  1627 | D:3      | Killed Natasha
  1627 | D:3      | Reached skill level 4 in Transmutations
  2207 | D:3      | Noticed Natasha
  2229 | D:3      | Killed Natasha
  2229 | D:3      | Reached XP level 5. HP: 5/33 MP: 8/8
  2555 | D:3      | Noticed a phantom
  2618 | D:4      | Found a shattered altar of Ashenzari.
  2647 | D:4      | Slain by a water moccasin skeleton

Skill      XL: |  1  2  3  4 |
---------------+-------------+-----
Transmutations | 3 4 |  4.1
Poison Magic   | 2 3 |  3.1
Fighting       | |  1.0
Dodging        | |  2.0
Unarmed Combat | |  3.6
Spellcasting   | |  2.0

Action                   |  1- 3 |  4- 6 || total
-------------------------+-------+-------++-------
Melee: Unarmed           |    75 |    80 ||   155
       Kick              |    10 |       ||    10
       Constrict         |    12 |     2 ||    14
       Tentacles         |     5 |     1 ||     6
 Cast: Beastly Appendage |    15 |     1 ||    16
       Spider Form       |     7 |    11 ||    18
  Use: Potion            |       |     3 ||     3
 Stab: Sleeping          |     2 |       ||     2
  Eat: Chunk             |     3 |     5 ||     8
Armor: Skin              |     9 |     3 ||    12
Dodge: Dodged            |    49 |   102 ||   151
